Match 41416841
Unlisted

Match 41416841
End
Selects Australian Defense Battlegroup
Selects Australian Light Infantry Section
Australian Light Infantry Section
Royal Engineer Section
Australian Light Infantry Section
Construct Section Command Post
Construct Platoon Command Post
Humber Armored Car
Infantry Section
6-pounder Anti-tank Gun Team
Selects Defensive Tactics
ML 3-inch Mortar Team
6-pounder Anti-tank Gun Team
Selects Vehicle Over Repair
Construct Field Infirmary
Construct Company Command Post
Grenade Package
Matilda II Heavy Tank
Matilda II Heavy Tank
Selects CMP 15cwt Supply Run
Selects Artillery Trip Wire Flares
6-pounder Anti-tank Gun Team
Unlock Towed 17-pounder Anti-tank Guns
Royal Engineer Section
Armored Vehicle Training
17-pounder Anti-tank Gun Team
Matilda II Heavy Tank
Selects Archer Tank Destroyer
CMP 15cwt Truck
Matilda II Heavy Tank
Sarmynation
e_k_h
The Red Pasha
MRhrissie
0
0

Comments sign in to comment!

No comments posted yet!